 Dungeon Crawl Stone Soup version 0.23-a0-607-g760965b7 (webtiles) character file.

476 reaverb the Conjurer (level 7, -4/34 HPs)
             Began as a Vine Stalker Conjurer on Dec 20, 2018.
             Slain by a centaur (5 damage)
             ... on level 5 of the Dungeon.
             The game lasted 00:09:26 (4802 turns).

reaverb the Conjurer (Vine Stalker Conjurer)        Turns: 4802, Time: 00:09:27

Health: -4/34      AC:  3    Str: 15    XL:     7   Next: 10%
Magic:  0/11       EV: 12    Int: 17    God:
Gold:   107        SH:  0    Dex: 15    Spells: 1/10 levels left

rFire    + . .     SeeInvis .   k - +0 morningstar (flame)
rCold    + . .     Gourm    .   (no shield)
rNeg     . . .     Faith    .   a - +0 robe
rPois    .         Spirit   +   (no helmet)
rElec    .         Reflect  .   (no cloak)
rCorr    .         Harm     .   n - +0 pair of gloves
MR       .....                  (no boots)
Stlth    +.........             (no amulet)
HPRegen  0.51/turn              d - ring of protection from fire (curse)
MPRegen  0.12/turn              r - ring of protection from cold

@: confused, mighty
A: fangs 2, regeneration 1, magic shield, antimagic bite, no potion heal 3, rot
immunity
a: no special abilities


You were on level 5 of the Dungeon.
You were not hungry.

You visited 1 branch of the dungeon, and saw 5 of its levels.

You collected 107 gold pieces.

Notes
Turn   | Place    | Note
-------+----------+-------------------------------------------
     0 | D:1      | reaverb the Vine Stalker Conjurer began the quest for the
                  | Orb.
     0 | D:1      | Reached XP level 1. HP: 9/9 MP: 4/4
     0 | D:1      | meem: I am meem, an upgrade of beem built by MalcolmRose
                  | (check out Malcolm's DCSS vids and other projects at
                  | http://youtube.com/malcolmrosegaming). To have me follow
                  | you in your games, type !subscribemeem - to make me go away
                  | forever, type !quitmeem - For help, type: !meem
    89 | D:1      | Huge Dmg: 4 Dmg
   293 | D:1      | Reached skill level 1 in Fighting
   364 | D:1      | Huge Dmg: 4 Dmg
   367 | D:1      | Reached XP level 2. HP: 9/14 MP: 3/6
  1005 | D:1      | Learned a level 2 spell: Searing Ray
  1027 | D:2      | Huge Dmg: 5 Dmg
  1116 | D:2      | Reached XP level 3. HP: 18/18 MP: 3/7
  1311 | D:2      | Huge Dmg: 4 Dmg
  1318 | D:2      | Huge Dmg: 3 Dmg
  1616 | D:2      | Gained mutation: Your natural rate of healing is unusually
                  | fast. [Vine Stalker growth]
  1616 | D:2      | Reached XP level 4. HP: 23/23 MP: 3/8
  1624 | D:2      | Reached skill level 5 in Conjurations
  1804 | D:2      | Reached XP level 5. HP: 22/26 MP: 3/9
  1832 | D:2      | Noticed Terence
  1968 | D:1      | Huge Dmg: 11 Dmg
  1969 | D:1      | Killed Terence
  1969 | D:1      | Reached skill level 6 in Conjurations
  2855 | D:3      | Reached XP level 6. HP: 25/30 MP: 1/10
  2859 | D:3      | Huge Dmg: 6 Dmg
  2860 | D:3      | Huge Dmg: 5 Dmg
  3014 | D:3      | Found a shimmering altar of Xom.
  3014 | D:3      | Noticed a dream sheep
  3014 | D:3      | Noticed a dream sheep
  3014 | D:3      | Noticed a dream sheep
  3014 | D:3      | Noticed a dream sheep
  3014 | D:3      | Noticed a dream sheep
  3019 | D:3      | Killed a dream sheep
  3019 | D:3      | Killed a dream sheep
  3019 | D:3      | Killed a dream sheep
  3019 | D:3      | Killed a dream sheep
  3019 | D:3      | Killed a dream sheep
  3189 | D:3      | Huge Dmg: 9 Dmg
  3221 | D:3      | Reached skill level 7 in Conjurations
  3311 | D:3      | Noticed mikethemayor's ghost (amateur DrCj)
  3315 | D:3      | Found a runed door.
  3578 | D:3      | Identified a book of Maledictions
  3585 | D:3      | Learned a level 3 spell: Confuse
  3589 | D:3      | Learned a level 3 spell: Dazzling Spray
  3803 | D:4      | Found a hide-covered altar of Uskayaw.
  4130 | D:4      | Got a brightly glowing hand axe
  4131 | D:4      | Identified the +0 hand axe of Emongem {chop, -Tele rN+
                  | Str+3} (You found it on level 4 of the Dungeon)
  4169 | D:4      | Noticed a sky beast
  4173 | D:4      | Huge Dmg: 8 Dmg
  4174 | D:4      | Huge Dmg: 6 Dmg
  4176 | D:4      | Huge Dmg: 5 Dmg
  4178 | D:4      | Huge Dmg: 6 Dmg
  4201 | D:3      | Huge Dmg: 5 Dmg
  4294 | D:3      | Huge Dmg: 7 Dmg
  4401 | D:3      | Huge Dmg: 7 Dmg
  4418 | D:3      | Huge Dmg: 8 Dmg
  4454 | D:3      | Huge Dmg: 9 Dmg
  4488 | D:3      | Huge Dmg: 7 Dmg
  4550 | D:3      | Killed a sky beast
  4550 | D:3      | Reached skill level 1 in Maces & Flails
  4550 | D:3      | Reached skill level 1 in Hexes
  4550 | D:3      | Reached XP level 7. HP: 29/34 MP: 8/11
  4706 | D:5      | Entered Level 5 of the Dungeon
  4719 | D:5      | Huge Dmg: 6 Dmg
  4798 | D:5      | Huge Dmg: 12 Dmg
  4799 | D:5      | Huge Dmg: 7 Dmg
  4799 | D:5      | HP: 3/34 [centaur/arrow (6)]
  4800 | D:5      | Huge Dmg: 6 Dmg
  4802 | D:5      | Huge Dmg: 2 Dmg
  4802 | D:5      | HP: 1/34 [centaur (2)]
  4802 | D:5      | Slain by a centaur

Inventory:

Hand Weapons
 e - a +3 short sword
 k - a +0 morningstar of flaming (weapon)
 v - a +2 whip of venom
Armour
 a - a +0 robe (worn)
 n - a +0 pair of gloves (worn)
Jewellery
 d - a cursed ring of protection from fire (left hand)
 r - a ring of protection from cold (right hand)
Wands
 m - a wand of random effects (16)
Scrolls
 b - a scroll of random uselessness {unknown}
 g - 3 scrolls of blinking
 h - a scroll of amnesia {unknown}
 o - a scroll of teleportation {unknown}
 q - a scroll of enchant armour {unknown}
 t - a scroll of fog {unknown}
 u - a scroll of magic mapping {unknown}
 x - a scroll of remove curse {unknown}
Potions
 l - 3 potions of invisibility
 p - 2 potions of curing
 s - a potion of degeneration {unknown}
 w - 2 potions of brilliance
Comestibles
 c - 11 rations
 i - 2 chunks of flesh

Table legend:
 A = Turns spent in this place as a percentage of turns spent in the entire game.
 B = Non-inter-level travel turns spent in this place as a percentage of non-inter-level travel turns spent in the entire game.
 C = Inter-level travel turns spent in this place as a percentage of turns spent in this place.
 D = Turns resting spent in this place as a percentage of non-inter-level travel turns spent in this place.
 E = Turns spent auto-exploring this place as a percentage of non-inter-level travel turns spent in this place.
 F = Non-inter-level travel turns spent in this place divided by the number of levels of this place that you've seen.
                   A       B       C       D       E      F
               +-------+-------+-------+-------+-------+----------------------
         Total | 100.0 | 100.0 |   2.3 |  14.2 |  53.9 | 938.0
       Dungeon | 100.0 | 100.0 |   2.3 |  14.2 |  53.9 | 938.0
               +-------+-------+-------+-------+-------+----------------------


   Skills:
 - Level 1.7 Fighting
 + Level 2.0 Maces & Flails
 - Level 1.5 Dodging
 - Level 2.4 Stealth
 - Level 2.1 Spellcasting
 - Level 7.1 Conjurations
 + Level 2.2 Hexes


You had one spell level left.
You knew the following spells:

 Your Spells              Type           Power        Failure   Level  Hunger
a - Magic Dart            Conj           ####         1%          1    #......
b - Searing Ray           Conj           ####..       1%          2    ###....
c - Confuse               Hex            #.......     22%         3    ###....
d - Dazzling Spray        Conj/Hex       ###...       9%          3    ###....

Your spell library contained the following spells:

 Spells                   Type           Power        Failure   Level  Hunger
 Corona                   Hex            #......      8%          1    #......
 Iskenderun's Mystic Bla  Conj           ####....     11%         4    #####..
 Ensorcelled Hibernation  Hex/Ice        #.....       19%         2    ###....
 Tukima's Dance           Hex            #.......     22%         3    ###....
 Fulminant Prism          Conj/Hex       ###.......   28%         4    #####..
 Force Lance              Conj/Tloc      ##......     41%         4    #####..


Dungeon Overview and Level Annotations

Branches:
Dungeon (5/15)
 Temple: D:4-7

Altars:
Uskayaw
Xom

Annotations:
D:3 1 runed door, mikethemayor's ghost, amateur DrCj
D:5 exclusion: ogre


Innate Abilities, Weirdness & Mutations

You have extremely sharp teeth.
Your natural rate of healing is unusually fast.
When hurt, damage is shared between your health and your magic reserves.
Your bite disrupts and absorbs the magic of your enemies.
Potions cannot restore your health.
You are immune to rotting.


Message History

The orc is severely wounded.
The orc hits you with a +0 morningstar!
Huge Dmg: -18%(-6hp) hp: 68%(23hp)
You closely miss the orc.
The orc is severely wounded.
The orc hits you with a +0 morningstar.
Damage: -6%(-2hp) hp: 62%(21hp)
You sock the orc! You burn the orc.
You kill the orc!
Things that are here:
a +0 morningstar; a +0 leather armour; an orc corpse You butcher the orc corpse.
i - 4 chunks of flesh
Things that are here:
a +0 morningstar; a +0 leather armour; an orc skeleton You start resting.
Eating one of 4 chunks of flesh.
You eat one of the 4 chunks of flesh.
This raw flesh tastes terrible.
You are feeling hungry.
Eating one of 3 chunks of flesh.
You eat one of the 3 chunks of flesh.
This raw flesh tastes terrible.
Magic restored.
HP restored.
Casting: Magic Dart (safe; 1% risk of failure)
Confirm with . or Enter, or press ? or * to list all spells.
Okay, then.
Found a stone staircase leading down.
An ogre comes into view. It is wielding a +0 giant club.
Casting: Magic Dart (safe; 1% risk of failure)
Confirm with . or Enter, or press ? or * to list all spells.
Aiming: Confuse (safe; 26% risk of failure)
Press: ? - help, Shift-Dir - straight line, f - ogre
Aim: an ogre, wielding a +0 giant club (resting, chance to defeat MR: 39%)
You miscast Confuse.
You are very lightly contaminated with residual magic.
You feel off-balance for a moment.
You hear the slow rusting of a very distant drain.
Unknown command.
Found 2 rations.
An ooze comes into view.
Found 22 stones.
A centaur skeleton comes into view.
The ooze quivers.
You see here a ration.
You sock the ooze! You burn the ooze.
You kill the ooze!
Your Hexes skill increases to level 2!
You see here a ration.
c - 10 rations (gained 1)
The centaur skeleton hits you.
Damage: -2%(-1hp) hp: 98%(33hp)
You puncture the centaur skeleton! You burn the centaur skeleton.
The centaur skeleton is heavily damaged.
The centaur skeleton hits you. The centaur skeleton misses you.
Damage: -6%(-2hp) hp: 92%(31hp)
You hit the centaur skeleton. You burn the centaur skeleton.
The centaur skeleton is severely damaged.
The centaur skeleton hits you.
The centaur skeleton closely misses you.
Your magical contamination has completely faded away.
Damage: -6%(-2hp) hp: 86%(29hp)
You sock the centaur skeleton! You burn the centaur skeleton.
You destroy the centaur skeleton!
Your Maces & Flails skill increases to level 2!
c - 11 rations (gained 1)
A centaur comes into view.
The centaur shouts!
The centaur wields a +0 shortbow.
The centaur shoots an arrow.
The arrow hits you!
You see here an arrow.
Damage: -14%(-5hp) hp: 86%(29hp)
The centaur shoots an arrow.
The arrow hits you.
The centaur shoots an arrow.
The arrow barely misses you.
Found 14 stones.
Damage: -3%(-1hp) hp: 83%(28hp)
The centaur shoots an arrow.
The arrow hits you!
* * * LOW HITPOINT WARNING * * *
You see here 2 arrows.
Huge Dmg: -35%(-12hp) hp: 48%(16hp)
The centaur shoots an arrow.
The arrow hits you!
* * * LOW HITPOINT WARNING * * *
Huge Dmg: -21%(-7hp) hp: 27%(9hp)
The centaur shoots an arrow.
The arrow hits you!
* * * LOW HITPOINT WARNING * * *
The centaur shoots an arrow.
The arrow barely misses you.
You see here an arrow.
Huge Dmg: -18%(-6hp) hp: 9%(3hp)
You hear the slow rusting of a distant drain.
The centaur unwields a +0 shortbow.
The centaur completely misses you.
It was a potion of ambrosia.
You are confused.
Your system rejects the healing.
You feel invigorated. The centaur hits you.
* * * LOW HITPOINT WARNING * * *
Huge Dmg: -6%(-2hp) hp: 6%(2hp) It was a potion of might.
You feel very mighty all of a sudden. The centaur hits you.
* * * LOW HITPOINT WARNING * * *
The centaur hits you!
* * * LOW MAGIC WARNING * * *
You die...

.........#....(..........<.
..............####........#
..........................#
.............###...........
.............##...####.)...
...........................
#.............#.#...#######
####..............#....# #
.........c@.#...#........##
###########(((.######.....#
##....#.# ###... #...###.#
.. ##...# #.# . ###...##
#.# #...### #.# #..## ...
#### (..


You could see a centaur.

Table legend:
 A = Kills in this place as a percentage of kills in entire the game.
 B = Kills by you in this place as a percentage of kills by you in the entire game.
 C = Kills by friends in this place as a percentage of kills by friends in the entire game.
 D = Other kills in this place as a percentage of other kills in the entire game.
 E = Experience gained in this place as a percentage of experience gained in the entire game.
 F = Experience gained in this place divided by the number of levels of this place that you have seen.
                   A       B       C       D       E      F
               +-------+-------+-------+-------+-------+----------------------
         Total | 100.0 | 100.0 |   N/A |   N/A | 100.0 | 136.0
       Dungeon | 100.0 | 100.0 |   N/A |   N/A | 100.0 | 136.0
               +-------+-------+-------+-------+-------+----------------------

Vanquished Creatures
  A sky beast (D:3)
  A centaur zombie (D:3)
  An orc priest (D:2)
  2 orc wizards (D:2)
  A centaur skeleton (D:5)
  Terence (D:1)
  A worker ant (D:4)
  7 adders
  2 oozes
  3 dart slugs
  2 worms (D:2)
  3 leopard geckos
  20 orcs
  5 bats
  2 giant cockroaches
  15 goblins
  6 hobgoblins
  4 jackals (D:2)
  2 quokkas
  A ball python (D:4)
  10 frilled lizards
  2 kobolds (D:1)
  A leopard gecko skeleton (D:4)
  3 rats
96 creatures vanquished.

Vanquished Creatures (others)
  5 dream sheep (D:3)
  A worm (D:3)
6 creatures vanquished.

Grand Total: 102 creatures vanquished

Action                   |  1- 3 |  4- 6 |  7- 9 || total
-------------------------+-------+-------+-------++-------
Melee: Short sword       |    30 |     8 |       ||    38
       Bite              |     7 |    13 |     3 ||    23
       Unarmed           |     1 |       |       ||     1
       Morningstar       |       |    49 |    15 ||    64
 Cast: Magic Dart        |    47 |    86 |     3 ||   136
       Searing Ray       |       |     8 |       ||     8
       Confuse           |       |     1 |       ||     1
       Dazzling Spray    |       |     1 |       ||     1
  Use: Scroll            |       |     1 |     3 ||     4
       Potion            |       |       |     2 ||     2
 Stab: Sleeping          |       |     1 |       ||     1
  Eat: Chunk             |     3 |    10 |     2 ||    15
Armor: Robe              |     3 |     9 |       ||    12
Dodge: Dodged            |    14 |    58 |    13 ||    85
